 Dungeon Crawl Stone Soup version 0.21-b1-21-g86478ac (webtiles) character file.

194 FastMan the Skirmisher (level 5, 0/34 HPs)
             Began as a Gargoyle Fighter on Jan 5, 2018.
             Slain by an ogre
             ... wielding a +0 giant spiked club
              (10 damage)
             ... on level 4 of the Dungeon.
             The game lasted 00:02:32 (3387 turns).

FastMan the Skirmisher (Gargoyle Fighter)           Turns: 3387, Time: 00:02:33

Health: 0/34       AC: 14    Str: 19    XL:     5   Next: 73%
Magic:  5/5        EV:  7    Int:  9    God:
Gold:   129        SH:  9    Dex: 10    Spells: 4/4 levels left

rFire    . . .     SeeInvis .   a - +0 war axe
rCold    . . .     Gourm    .   c - +0 shield
rNeg     + . .     Faith    .   b - +0 scale mail
rPois    ∞         Spirit   .   d - +1 helmet
rElec    +         Reflect  .   (no cloak)
rCorr    .         Harm     .   (no gloves)
MR       .....                  i - +0 pair of boots
Stlth    ..........             (no amulet)
HPRegen  0.11/turn              (no ring)
MPRegen  0.09/turn              (no ring)

@: very slightly contaminated
A: negative energy resistance 1, electricity resistance, unbreathing,
petrification resistance, rot immunity, AC +4
a: no special abilities


You were on level 4 of the Dungeon.
You were hungry.

You visited 1 branch of the dungeon, and saw 4 of its levels.

You collected 129 gold pieces.

Inventory:

Hand Weapons
 a - a +0 war axe (weapon)
Armour
 b - a +0 scale mail (worn)
 c - a +0 shield (worn)
 d - a +1 helmet (worn)
 i - a +0 pair of boots (worn)
Jewellery
 j - a +6 ring of dexterity {unknown}
 m - a cursed amulet of inaccuracy {unknown}
 p - a cursed amulet of inaccuracy {unknown}
 r - an uncursed amulet of rage {unknown}
Scrolls
 o - a scroll of blinking {@r4}
 s - a scroll of remove curse {@r2}
 t - 2 scrolls of teleportation {@r3}
Potions
 g - 4 potions of lignification {unknown}
 h - a potion of flight
 l - 4 potions of curing {@q1}
 n - 2 potions of berserk rage
 v - a potion of brilliance {@q6}
Comestibles
 f - 7 rations


   Skills:
 + Level 4.7 Fighting
 * Level 4.4 Axes
 - Level 3.2 Armour
 - Level 3.2 Shields


You had 4 spell levels left.
You didn't know any spells.

Dungeon Overview and Level Annotations

Branches:
Dungeon (4/15)
 Temple: D:4-7

Altars:
Ashenzari


Innate Abilities, Weirdness & Mutations

You are resistant to torment.
Your stone body is resilient. (AC +4)
You are immune to poison.
You resist negative energy. (rN+)
You are resistant to electric shocks. (rElec)
You can survive without breathing.
You are immune to petrification.
You are immune to rotting.


Message History

You hit the ogre.
The ogre is heavily wounded.
The ogre closely misses you.
Your shield and scale mail prevent you from hitting the ogre.
The ogre is heavily wounded.
The ogre completely misses you.
You hit the ogre.
The ogre is heavily wounded.
A quokka comes into view.
You barely miss the ogre.
The ogre is heavily wounded.
The ogre hits you with a giant spiked club!!
Ouch! That really hurt!
* * * LOW HITPOINT WARNING * * *
You are too injured to fight recklessly!
You are too injured to fight recklessly!
Unknown command.
You see here an orc corpse.
The ogre hits you with a giant spiked club!
You die...

#.# #.. #.# ##.###
....# #######.#.#
# ..........# ..
.......@..# ...
.......O..# ....
........†.###...?.
..................
.........)?.......
...#.......r......
...#..............
.. #.......<......
######.........


You could see an ogre and a quokka.

Vanquished Creatures
  Natasha (twice) (D:4)
  Robin (D:4)
  2 adders (D:3)
  2 oozes
  A dart slug (D:3)
  4 leopard geckos
  6 orcs
  9 bats
  2 giant cockroaches
  16 goblins
  11 hobgoblins
  11 jackals
  2 ball pythons (D:2)
  5 frilled lizards
  10 kobolds
  5 rats
89 creatures vanquished.

Notes
Turn   | Place    | Note
-------+----------+-------------------------------------------
     0 | D:1      | FastMan the Gargoyle Fighter began the quest for the Orb.
     0 | D:1      | Reached XP level 1. HP: 14/14 MP: 1/1
   197 | D:1      | Reached XP level 2. HP: 19/19 MP: 2/2
   527 | D:1      | Reached XP level 3. HP: 15/24 MP: 3/3
  1836 | D:2      | Reached XP level 4. HP: 27/29 MP: 4/4
  2895 | D:4      | Found a shattered altar of Ashenzari.
  2911 | D:4      | Noticed Natasha
  2917 | D:4      | Killed Natasha
  2917 | D:4      | Reached XP level 5. HP: 12/34 MP: 5/5
  2935 | D:4      | Noticed Natasha
  2949 | D:4      | Killed Natasha
  2961 | D:4      | Noticed Robin
  3195 | D:4      | Killed Robin
  3373 | D:4      | Noticed an ogre
  3387 | D:4      | Slain by an ogre

Skill      XL: |  1  2  3  4 |
---------------+-------------+-----
Axes           | 2 3 4 |  4.4
Fighting       | 4 |  4.7
Armour         | |  3.2
Shields        | |  3.2

Action                   |  1- 3 |  4- 6 || total
-------------------------+-------+-------++-------
Melee: War axe           |   167 |   130 ||   297
  Use: Scroll            |       |    10 ||    10
       Potion            |       |     1 ||     1
  Eat: Chunk             |     3 |     5 ||     8
Armor: Scale mail        |   121 |    70 ||   191
Dodge: Dodged            |    56 |    32 ||    88
Block: Shield            |    89 |    63 ||   152
